cohdb
Replays
Latest Replays
All Replays
Popular Replays
Top Player Replays
Match Explorer
How It Works
Community
CoH3 Stats
Reddit
Sign in to upload your games and track your stats! →
Sign in with Steam
Match 41207800
Unlisted
Match 41207800
Overview
Messages
Build Orders
End
Kradschützen Motorcycle Team
Panzerpioneer Squad
Panzerpioneer Squad
Panzerpioneer Squad
Panzerpioneer Squad
Construct Light Support Kompanie
MG34 Team
Fire Support Elements
Flakvierling Half-track
Panzerjäger Mechanized Group
2.5-tonne Medical Truck
Panzerjäger Squad
Construct Mechanized Kompanie
StuG III D Assault Gun
Vehicle Survival Package
Selects Italian Infantry
Selects Guastatori Squad
Selects Registered Artillery
Selects Towed Cannone da 105/28 Field Howitzer
Towed Cannone da 105/28 Field Howitzer
18-tonne Recovery Half-track
StuG III D Assault Gun
Selects Defensive Operations
Selects Prepared Positions
18-tonne Recovery Half-track
Selects Obice 305mm Barrage
Guastatori Squad
Registered Artillery
Guastatori Squad
Marder III Tank Destroyer
Obice 305mm Barrage
JJB34
MADAO
0
0
Comments
sign in to comment!
No comments posted yet!